[Event "Panevezys ELITE Open 2021"]
[Site "Panevezys, Lithuania"]
[Date "2021.08.04"]
[Round "7.1"]
[White "Butvilas, Aistis"]
[Black "Meshkovs, Nikita"]
[Result "1/2-1/2"]
[WhiteElo "2088"]
[BlackElo "2568"]
[PlyCount "153"]
[EventDate "2021.??.??"]
[TimeControl "90/40+30:0"]
[WhiteClock "0:12:21"]
[BlackClock "0:01:32"]

1. d4 Nf6 2. c4 c5 3. d5 g6 4. Nc3 Bg7 5. e4 d6 6. Nf3 O-O 7. Be2 e6 8. Nd2 Na6 9. O-O Nc7 10. Re1 Rb8 11. a4 Na6 12. Nf1 e5 13. Ng3 Nb4 14. h4 Ne8 15.
h5 Qh4 16. hxg6 fxg6 17. Be3 Bh6 18. Bxh6 Qxh6 19. Ra3 a5 20. Nb5 Rf4 21. Bf3 Rh4 22. Qc1 g5 23. Bd1 Bd7 24. Qd2 Ng7 25. Nc7 Rf4 26. f3 Rc8 27.
Ne6 Bxe6 28. dxe6 Qxe6 29. Ne2 Rf6 30. Qxg5 Rg6 31. Qh4 Rh6 32. Qg5 Kh8 33. f4 Rg6 34. Qh4 Qg4 35. Qxg4 Rxg4 36. fxe5 dxe5 37. Nc3 Rg5 38. Nd5 Ne6 39. Rf1 Rcg8 40. g4 h5 41. Rf6 R8g6 42.
Rxg6 Rxg6 43. Rh3 Kg7 44. Rxh5 Nd3 45. Ne7 Rg5 46. Nf5+ Kf6 47. Rh2 Rg8 48. Rh6+ Rg6 49. Rh2 Kg5 50. Rd2 Nef4 51. b3 Rg8 52.
Ne3 Rh8 53. Rh2 Nh3+ 54. Kg2 Ndf2 55. Kf3 Rf8+ 56. Nf5 Rd8 57.
Be2 Rd2 58. Bf1 Ng1+ 59. Ke3 Nxg4+ 60. Kxd2 Nf3+ 61. Kc3 Nfxh2 62.
Bg2 Kf4 63. Nd6 b6 64. Bh3 Nf6 65. Bf5 Nf3 66. Nc8 Ng5 67. Nxb6 Ngxe4+ 68. Bxe4 Nxe4+ 69. Kd3 Kf3 70. Nd7 Nf2+ 71. Kd2 e4 72. Nxc5 e3+ 73. Ke1 Ng4 74. Nd3 Ke4 75. Ke2 Nf6 76. Nc5+ Kd4 77. Ne6+ 1/2-1/2

[Event "Panevezys ELITE Open 2021"]
[Site "Panevezys, Lithuania"]
[Date "2021.08.04"]
[Round "7.2"]
[White "Brazdzionis, Andrius"]
[Black "Sulskis, Sarunas"]
[Result "1/2-1/2"]
[WhiteElo "2321"]
[BlackElo "2523"]
[PlyCount "77"]
[EventDate "2021.??.??"]
[TimeControl "90/40+30:0"]
[WhiteClock "0:27:43"]
[BlackClock "0:08:52"]

1. d4 d5 2. c4 c6 3. Nf3 Nf6 4. Qc2 dxc4 5. Qxc4 Bf5 6. g3 e6 7. Bg2 Be7 8. O-O O-O 9. Qb3 Qb6 10. Nbd2 Nbd7 11. Nc4 Qa6 12. Bf4 Be4 13. Nd6 Bxd6 14. Bxd6 Rfc8 15. Qe3 Qb5 16. b3 a5 17. a4 Qd5 18.
Ba3 b5 19. Rfc1 Rab8 20. Ne1 Bxg2 21. Nxg2 Ng4 22. Qf4 Qh5 23. h4 Ngf6 24. Bd6 bxa4 25. bxa4 Rb2 26. Qf3 Qxf3 27. exf3 Nd5 28. Ne3 N7b6 29. Nxd5 Nxd5 30. Rc4 h6 31. Rc5 Nb6 32.
Bf4 Nd5 33. Bd6 Nb6 34. Bf4 Nd5 35. Bd6 Nb6 36. Bf4 Nd5 37. Bd6 Nb6 38. Bf4 Nd5 39.
Bd6 1/2-1/2

[Event "Panevezys ELITE Open 2021"]
[Site "Panevezys, Lithuania"]
[Date "2021.08.04"]
[Round "7.3"]
[White "Kazakouski, Valery"]
[Black "Greicius, Pijus"]
[Result "1-0"]
[WhiteElo "2499"]
[BlackElo "1902"]
[PlyCount "55"]
[EventDate "2021.??.??"]
[TimeControl "90/40+30:0"]
[WhiteClock "0:25:57"]
[BlackClock "0:22:03"]

1. Nf3 d5 2. c4 d4 3. b4 f6 4. Na3 Na6 5. Nc2 e5 6. Rb1 Be6 7. d3 Ne7 8. g3 Nf5 9. Bg2 Rb8 10. O-O Be7 11. e3 dxe3 12. fxe3 O-O 13. Qe2 Qd7 14. d4 exd4 15. exd4 c6 16. Re1 Kf7 17. d5 cxd5 18. Nfd4 Nxd4 19. Nxd4 Bg4 20. Bxd5+ Ke8 21. Qe4 Nc7 22. Bf4 Nxd5 23. cxd5 Kf7 24. Bxb8 Rxb8 25. Qxh7 Bf8 26. Qe4 Rc8 27. Ne6 Bh5 28. Qf5 1-0

[Event "Panevezys ELITE Open 2021"]
[Site "Panevezys, Lithuania"]
[Date "2021.08.04"]
[Round "7.4"]
[White "Steponavicius, Stasys"]
[Black "Salna, Aleksandras"]
[Result "0-1"]
[WhiteElo "2209"]
[BlackElo "2166"]
[PlyCount "139"]
[EventDate "2021.??.??"]
[TimeControl "90/40+30:0"]
[BlackClock "0:38:17"]

1. d4 d5 2. c4 c6 3. Nc3 Nf6 4. Nf3 a6 5. c5 Nbd7 6. Bf4 Nh5 7. Qd2 h6 8. h3 Nxf4 9. Qxf4 g5 10. Qd2 Bg7 11. e4 dxe4 12. Nxe4 O-O 13. Rd1 Nf6 14. Nxf6+ exf6 15. Be2 Be6 16. b3 Bd5 17. O-O Re8 18. Bc4 Qd7 19. Bxd5 Qxd5 20. Qb4 Re7 21. Nd2 a5 22. Qc3 f5 23. Nc4 Qxc5 24. Qd3 Qb5 25.
d5 Rd7 26. a4 Qc5 27. Qxf5 Rxd5 28. Rxd5 Qxd5 29. Qxd5 cxd5 30.
Nb6 Rd8 31. Rd1 d4 32. Nc4 Rd5 33. g4 b5 34. axb5 Rxb5 35. Rd3 h5 36. Nd6 Rd5 37. Nf5 Bf6 38. Kg2 h4 39. f4 gxf4 40. Kf3 Kh7 41. Kxf4 Kg6 42. Ke4 Rb5 43. Nd6 Rc5 44. Nf5 Kg5 45. Rf3 Re5+ 46. Kd3 Rb5 47.
Nxd4 Rb4 48. Rf5+ Kg6 49. Ne2 Rxb3+ 50. Kc2 Rb2+ 51. Kd1 Bg5 52. Rxa5 Rb3 53. Ra6+ f6 54. Ke1 Rxh3 55. Kf2 Rd3 56. Kg2 h3+ 57. Kh2 Re3 58. Ra2 Kf7 59. Rb2 Ke6 60. Ra2 Kd5 61. Kh1 Ke4 62.
Ra4+ Ke5 63. Ra5+ Kd6 64. Nd4 Rd3 65. Nf5+ Ke6 66. Ng7+ Kd7 67. Ra4 Be3 68. Nf5 Bb6 69. Rb4 Kc6 70. Rf4 0-1

[Event "Panevezys ELITE Open 2021"]
[Site "Panevezys, Lithuania"]
[Date "2021.08.04"]
[Round "7.5"]
[White "Kalvaitis, Sigitas"]
[Black "Milovs, Daniels"]
[Result "1-0"]
[WhiteElo "2164"]
[BlackElo "1743"]
[PlyCount "47"]
[EventDate "2021.??.??"]
[TimeControl "90/40+30:0"]
[WhiteClock "0:59:48"]
[BlackClock "0:52:57"]

1. e4 e6 2. d4 d5 3. e5 c5 4. c3 Nc6 5. Nf3 Qb6 6. Na3 cxd4 7. cxd4 Nge7 8.
Nc2 Nf5 9. Bd3 Bb4+ 10. Kf1 Be7 11. g4 Nh4 12. Nxh4 Bxh4 13. Be3 Qxb2 14. g5 Qc3 15. Rb1 Ne7 16. Rb3 Qa5 17. Qh5 Nf5 18. Bxf5 exf5 19. Qxh4 Qxa2 20. Rc3 Be6 21. Kg2 Qb2 22. Bd2 a5 23. g6 Qa1 24. Rd1 1-0

[Event "Panevezys ELITE Open 2021"]
[Site "Panevezys, Lithuania"]
[Date "2021.08.04"]
[Round "7.7"]
[White "Sedykh, Stakhey"]
[Black "Juksta, Karolis"]
[Result "0-1"]
[WhiteElo "1418"]
[BlackElo "2438"]
[PlyCount "64"]
[EventDate "2021.??.??"]
[TimeControl "90/40+30:0"]
[WhiteClock "0:39:27"]
[BlackClock "0:25:16"]

1. e4 c5 2. Nc3 Nc6 3. g3 g6 4. Bg2 Bg7 5. d3 d6 6. f4 e6 7. Nf3 Nge7 8.
O-O O-O 9. Rb1 Rb8 10. Ne2 Nd4 11. c3 Nxf3+ 12. Bxf3 b6 13. d4 Bb7 14. Be3 Qc7 15. Rc1 f5 16. Qd3 c4 17. Qc2 fxe4 18. Bxe4 Nd5 19. Bf2 Nf6 20. Bxb7 Qxb7 21. b3 b5 22. bxc4 bxc4 23. Rb1 Qd5 24. Rb2 Rxb2 25. Qxb2 Qf3 26. Be1 Qe4 27. h3 Nd5 28. Rf2 h5 29. h4 Ne3 30.
Qb5 Kh7 31. Qd7 Rb8 32. f5 Rb1 0-1

[Event "Panevezys ELITE Open 2021"]
[Site "Panevezys, Lithuania"]
[Date "2021.08.04"]
[Round "7.8"]
[White "Stremavicius, Pijus"]
[Black "Michailov, Andrej"]
[Result "1-0"]
[WhiteElo "2146"]
[BlackElo "1645"]
[PlyCount "109"]
[EventDate "2021.??.??"]
[TimeControl "90/40+30:0"]
[WhiteClock "1:07:24"]
[BlackClock "0:09:24"]

1. e4 e5 2. Nf3 Nc6 3. c3 Nf6 4. d4 exd4 5. e5 Nd5 6. Qb3 Nb6 7. cxd4 d6 8. Bb5 Bd7 9. Nc3 Be7 10. Bxc6 Bxc6 11. d5 Bd7 12. e6 fxe6 13. dxe6 Bc6 14. Nd4 O-O 15. Nxc6 bxc6 16. O-O d5 17. f4 g6 18.
f5 gxf5 19. Ne2 Qd6 20. Nd4 Qe5 21. Nxc6 Bc5+ 22. Kh1 Qxe6 23.
Qg3+ Qg6 24. Bf4 Qxg3 25. Bxg3 Rf6 26. b4 Bf8 27. b5 a6 28.
Bxc7 axb5 29. Nd4 Bg7 30. Be5 Rf7 31. Bxg7 Kxg7 32. Nxb5 Nc4 33. Nd4 Kg6 34. h3 Ra3 35. Rf2 Rd3 36. Ne6 Ra3 37. Nf4+ Kg5 38.
Nxd5 Rfa7 39. Nf4 Nd6 40. Ne6+ Kg6 41. Rb2 Kf6 42. Nd4 R3a4 43. Nf3 Ra3 44. Kh2 R7a6 45. Rc2 Ne4 46. Rc7 Rxa2 47. Rb1 Re6 48.
Rxh7 Kg6 49. Rbb7 Nd6 50. Rbg7+ Kf6 51. Rd7 Kg6 52. Nd4 Re4 53. Nf3 Re6 54. h4 f4 55. h5+ 1-0

[Event "Panevezys ELITE Open 2021"]
[Site "Panevezys, Lithuania"]
[Date "2021.08.04"]
[Round "7.9"]
[White "Sedykh, Mikhail"]
[Black "Bazevicius, Albertas"]
[Result "1-0"]
[WhiteElo "2119"]
[BlackElo "1867"]
[PlyCount "95"]
[EventDate "2021.??.??"]
[TimeControl "90/40+30:0"]
[WhiteClock "0:27:19"]
[BlackClock "0:28:24"]

1. d4 Nf6 2. c4 e6 3. Nc3 Bb4 4. Qc2 c5 5. dxc5 Bxc5 6. Nf3 O-O 7. Bg5 h6 8.
Bh4 g5 9. Bg3 d5 10. e3 Nc6 11. a3 Qa5 12. Nd2 Bb4 13. Rc1 Bxc3 14. Qxc3 Qxc3 15. Rxc3 e5 16. cxd5 Nxd5 17. Rc5 Be6 18. Bb5 f6 19. Ke2 Nde7 20. f3 Rfd8 21. Rhc1 a6 22. Bc4 Bxc4+ 23. R5xc4 Kf7 24. Bf2 Rd7 25. Ne4 Rad8 26. R4c2 Rc7 27. Be1 b6 28. Bb4 f5 29. Bxe7 Kxe7 30. Rxc6 Rxc6 31. Rxc6 fxe4 32. Rxb6 exf3+ 33. Kxf3 h5 34. Rxa6 Rd2 35. b4 e4+ 36. Kxe4 Rxg2 37. h3 h4 38. Kf5 Rg3 39. e4 g4 40. hxg4 h3 41. a4 Ra3 42. Ra7+ Kd6 43. Ra6+ Kc7 44. b5 h2 45.
Rh6 Rxa4 46. Rxh2 Rb4 47. Rd2 Rxb5+ 48. e5 1-0

[Event "Panevezys ELITE Open 2021"]
[Site "Panevezys, Lithuania"]
[Date "2021.08.04"]
[Round "7.10"]
[White "Carlsson, Ludvig"]
[Black "Voroblievas, Arturas"]
[Result "1-0"]
[WhiteElo "2258"]
[BlackElo "1699"]
[PlyCount "63"]
[EventDate "2021.??.??"]
[TimeControl "90/40+30:0"]
[WhiteClock "1:00:24"]
[BlackClock "0:14:31"]

1. e4 e5 2. f4 Bc5 3. Nf3 d6 4. c3 Nf6 5. d4 exd4 6. cxd4 Bb6 7. Nc3 O-O 8. e5 dxe5 9. fxe5 Nd5 10. Bc4 c6 11. Qb3 Bg4 12. Bg5 Qd7 13. O-O-O Be6 14. Ne4 Bd8 15. Nc5 Bxg5+ 16. Nxg5 Qe7 17. Ngxe6 fxe6 18. Qxb7 Qg5+ 19. Kb1 Nb6 20. Bxe6+ Kh8 21. Rhf1 Qg6+ 22. Ka1 Na6 23.
Qxa6 Rfb8 24. Qd3 Qxg2 25. Rg1 Qf2 26. Qg3 Qxb2+ 27. Kxb2 Nc4+ 28. Ka1 Rb1+ 29. Rxb1 Rg8 30. Qxg7+ Rxg7 31. Rb8+ Rg8 32. Rgxg8# 1-0